 Dungeon Crawl Stone Soup version 0.27-a0-695-gb4952372f7 (webtiles) character file.

Game seed: 16449921842894643851

11 ReteAZ the Firebug (level 2, -1/20 HPs)
             Began as a Demigod Fire Elementalist on Mar 22, 2021.
             Slain by a worm (10 damage)
             ... on level 2 of the Dungeon.
             The game lasted 00:00:44 (924 turns).

ReteAZ the Firebug (Demigod Fire Elementalist)       Turns: 924, Time: 00:00:45

Health: -1/20      AC:  2    Str:  9    XL:     2   Next: 6%
Magic:  10/16      EV: 12    Int: 17    God:
Gold:   28         SH:  0    Dex: 14    Spells: 4/5 levels left

rFire    . . .     SeeInvis .   f - +0 short sword
rCold    . . .     Faith    .   (no shield)
rNeg     . . .     Spirit   .   a - +0 robe
rPois    .         Reflect  .   (no helmet)
rElec    .         Harm     .   (no cloak)
rCorr    .         Rampage  .   (no gloves)
Will     .....                  (no boots)
Stlth    ++........             (no amulet)
HPRegen  0.06/turn              c - ring of magical power
MPRegen  0.15/turn              (no ring)

@: lethally poisoned (-1 -> -7), very slightly contaminated
A: high mp 1, forlorn
a: no special abilities


You were on level 2 of the Dungeon.
You visited 1 branch of the dungeon, and saw 2 of its levels.

You collected 28 gold pieces.

Inventory:

Hand Weapons
 f - a +0 short sword (weapon)
Armour
 a - a +0 robe (worn)
 e - a +0 ring mail
Jewellery
 c - a ring of magical power (right hand)
Scrolls
 b - a scroll of enchant weapon {unknown}
 d - a scroll of amnesia {unknown}


   Skills:
 - Level 1.7 Dodging
 - Level 1.7 Stealth
 + Level 2.0 Spellcasting
 + Level 1.2 Conjurations
 * Level 3.0 Fire Magic


You had 4 spell levels left.
You knew the following spells:

 Your Spells              Type           Power      Damage    Failure   Level
a - Foxfire               Conj/Fire      36%        2x1d5     9%          1

Your spell library contained the following spells:

 Spells                   Type           Power      Damage    Failure   Level
 Conjure Flame            Conj/Fire      9%         6-21      24%         3
 Inner Flame              Hex/Fire       6%         N/A       30%         3
 Sticky Flame             Conj/Fire      9%         2d3       63%         4
 Fireball                 Conj/Fire      4%         3d4       92%         5


Dungeon Overview and Level Annotations

Branches:
Dungeon (2/15)

Shops:
D:2 *


Innate Abilities, Weirdness & Mutations

Your attributes grow dramatically as you level up.
You have an increased reservoir of magic. (+10% MP)
You shall have no god before yourself.


Message History

Where to? (Enter - D:1 @ (x,y), ? - help)
You see here a +0 plate armour.
There is a stone staircase leading down here.
You climb downwards.
An adder and a worm come into view.
Found 9 stones.
Found Echodaluly's General Store.
There is a stone staircase leading up here.
You conjure some foxfire!
The adder hisses angrily.
You miscast Foxfire.
You are very lightly contaminated with residual magic.
Nothing appears to happen.
The foxfire hits the adder.
The adder is lightly wounded.
The foxfire hits the worm but does no damage.
You conjure some foxfire!
The adder barely misses you.
You conjure some foxfire!
The foxfire hits the adder.
The adder is moderately wounded.
The foxfire hits the worm.
The worm is lightly wounded.
The adder bites you. The adder closely misses you.
You conjure some foxfire!
The foxfire hits the adder.
The adder is severely wounded.
The foxfire hits the worm.
The worm is moderately wounded.
The adder closely misses you. The worm bites you.
You conjure some foxfire!
The foxfire hits the adder but does no damage.
The adder is heavily wounded.
The foxfire hits the worm.
The worm is moderately wounded.
The adder barely misses you.
You conjure some foxfire!
The foxfire hits the worm.
The worm is heavily wounded.
The foxfire hits the adder.
The adder is severely wounded.
The adder bites you.
You are poisoned.
The adder poisons you! The worm bites you!
Ouch! That really hurt!
You die...

### #.. #.##
#..## #
####wv.#...#
+...@S...#
####v..8.8.8
#....⌠.⌠.
#...8.∩.8
####.⌠.⌠.
8.8.8 .###
.#


You could see a worm (ally target) and an adder (ally target).

Vanquished Creatures
  A leopard gecko (D:1)
  3 bats (D:1)
  3 goblins (D:1)
  A hobgoblin (D:1)
  A frilled lizard (D:1)
  A kobold (D:1)
10 creatures vanquished.

Vanquished Creatures (others)
  78 foxfires
78 creatures vanquished.

Grand Total: 88 creatures vanquished

Notes
Turn   | Place    | Note
-------+----------+-------------------------------------------
     0 | D:1      | ReteAZ the Demigod Fire Elementalist began the quest for
                  | the Orb.
     0 | D:1      | Reached XP level 1. HP: 14/14 MP: 5/5
   140 | D:1      | Reached skill level 1 in Conjurations
   525 | D:1      | Reached skill level 3 in Fire Magic
   688 | D:1      | Reached XP level 2. HP: 20/20 MP: 7/7
   917 | D:2      | Found Echodaluly's General Store.
   924 | D:2      | Slain by a worm

Illustrated notes

Levels and vault maps discovered:
D:1:      minmay_arrival_wavy_path, layout_rooms
D:2:      layout_loops_corners, serial_shops,
          nicolae_shop_temple_entry_statues_fountains, uniq_sigmund

Skill      XL: |  1  2 |
---------------+-------+-----
Conjurations   | 1 |  1.2
Fire Magic     | 3 |  3.0
Spellcasting   | 2 |  2.0
Dodging        | |  1.7
Stealth        | |  1.7

Action                   || total
-------------------------++-------
Melee: Unarmed           ||     1
 Cast: Foxfire           ||    47
Dodge: Dodged            ||     5

Table legend: (Time is in decaauts)
 A = Elapsed time spent in this place.
 B = Non-inter-level travel time spent in this place.
 C = Inter-level travel time spent in this place.
 D = Time resting spent in this place.
 E = Time spent auto-exploring this place.
 F = Levels seen in this place.
 G = Mean time per level.
                   A        B        C        D        E       F      G
               +--------+--------+--------+--------+--------+-----+--------+
         Total |    922 |    848 |     74 |      0 |    777 |   2 |  461.0 |
       Dungeon |    922 |    848 |     74 |      0 |    777 |   2 |  461.0 |
               +--------+--------+--------+--------+--------+-----+--------+

Top non-repeatable levels by time:
     D:1: 916 daAuts
     D:2: 6 daAuts
